 Dungeon Crawl Stone Soup version 0.30-a0-475-g03497ec522 (webtiles) character file.

Game seed: 6044637907933513081

247 themarg the Conjurer (level 5, -3/38 HPs)
             Began as a Draconian Conjurer on Dec 21, 2022.
             Slain by a kobold brigand
             ... wielding a +0 dagger
              (8 damage)
             ... in a sewer.
             The game lasted 00:08:09 (2932 turns).

themarg the Conjurer (Draconian Conjurer)           Turns: 2932, Time: 00:08:10

Health: -3/38      AC:  5    Str:  9    XL:     5   Next: 85%
Magic:  7/10       EV: 12    Int: 20    God:
Gold:   65         SH:  0    Dex: 10    Spells: 8/11 levels left

rFire   . . .      SeeInvis .    h - +2 spear (venom)
rCold   . . .      Faith    .    (no shield)
rNeg    . . .      Spirit   .    (body armour unavailable)
rPois   .          Reflect  .    (helmet restricted)
rElec   .          Harm     .    (no cloak)
rCorr   .          Rampage  .    (no gloves)
Will    .....                    (no boots)
Stlth   ++........               (no amulet)
HPRegen 0.26/turn                (no ring)
MPRegen 0.12/turn                (no ring)

@: no status effects
A: AC +5, unfitting armour, cold-blooded
a: no special abilities


You were in a sewer.
You visited 1 branch of the dungeon, and saw 3 of its levels.
You also visited: Sewer.

You collected 65 gold pieces.

Inventory:

Hand Weapons
 c - a +0 short sword
 h - a +2 spear of venom (weapon)
Missiles
 g - 19 stones
 k - 5 boomerangs
 s - 11 poisoned darts
Armour
 p - a scarf of resistance
Scrolls
 b - a scroll of teleportation {unknown}
 e - 2 scrolls of fear {unknown}
 f - 3 scrolls of magic mapping {unknown}
 i - a scroll of fog {unknown}
 j - 2 scrolls of identify {unknown}
 m - a scroll of immolation {unknown}
 o - a scroll of amnesia {unknown}
 r - a scroll of enchant armour {unknown}
Potions
 a - a potion of magic
 d - a potion of flight {unknown}
 l - a potion of haste {unknown}
 n - 2 potions of attraction {unknown}
 q - 2 potions of degeneration {unknown}
 t - a potion of mutation {unknown}
 u - a potion of heal wounds {unknown}


   Skills:
 - Level 1.7 Dodging
 - Level 3.0 Stealth
 + Level 3.9 Spellcasting
 + Level 5.5 Conjurations


You had 8 spell levels left.
You knew the following spells:

 Your Spells              Type           Power      Damage    Failure   Level
a - Magic Dart            Conj           100%       1d8       1%          1
b - Searing Ray           Conj           52%        2d6       1%          2

Your spell library contained the following spells:

 Spells                   Type           Power      Damage    Failure   Level
 Dazzling Flash           Conj/Hex       30%        N/A       12%         3
 Necrotise                Necr           12%        1d4       13%         1
 Summon Small Mammal      Summ           12%        N/A       13%         1
 Call Canine Familiar     Summ           3%         N/A       36%         3
 Summon Guardian Golem    Hex/Summ       3%         N/A       36%         3
 Vampiric Draining        Necr           3%         2d6       36%         3
 Fulminant Prism          Conj/Hex       7%         3d7       38%         4
 Iskenderun's Mystic Bla  Conj/Tloc      15%        2d5       38%         4
 Agony                    Necr           3%         N/A       98%         5


Dungeon Overview and Level Annotations

Branches:
Dungeon (3/15)              Sewer (1/1)

Altars:


Innate Abilities, Weirdness & Mutations

Your plain brown scales are hard. (AC +5)
You cannot fit into any form of body armour.
You are cold-blooded and may be slowed by cold attacks.


Message History

The kobold brigand attacks as you move away!
The kobold brigand barely misses you.
The kobold brigand attacks as you move away!
The kobold brigand completely misses you.
You feel sick.
The kobold brigand throws a poisoned dart.
The poisoned dart barely misses you.
Casting: Searing Ray (safe; 2% risk of failure)
Confirm with . or Enter, or press ? or * to list all spells.
Aiming: Searing Ray (safe; 2% risk of failure)
Press: ? - help, Shift-Dir - straight line, f/p - kobold brigand
Aim: a kobold brigand, wielding a +0 dagger and quivering poisoned darts (almost dead, 74% to hit)
The searing ray hits the kobold brigand.
The kobold brigand is moderately wounded.
The searing ray misses the kobold brigand. (Press . to maintain the ray.)
You feel sick.
You are no longer poisoned.
The kobold brigand hits you with a +0 dagger.
The searing ray hits the kobold brigand.
You kill the kobold brigand!
The kobold brigand hits you with a +0 dagger.
You closely miss the kobold brigand.
The kobold brigand is moderately wounded.
The kobold brigand hits you with a +0 dagger.
Magic courses through your body. The kobold brigand barely misses you.
Casting: Searing Ray (safe; 1% risk of failure)
Confirm with . or Enter, or press ? or * to list all spells.
Aiming: Searing Ray (safe; 1% risk of failure)
Press: ? - help, Shift-Dir - straight line, f - kobold brigand
Aim: a kobold brigand, wielding a +0 dagger and quivering curare-tipped darts (moderately wounded, 74% to hit)
The searing ray hits the kobold brigand.
The kobold brigand is heavily wounded. (Press . to maintain the ray.)
The kobold brigand hits you with a +0 dagger!
* * * LOW HITPOINT WARNING * * *
The searing ray hits the kobold brigand.
The kobold brigand is severely wounded.
The kobold brigand hits you with a +0 dagger!
You die...

≈≈ ≈≈≈~≈ ~~~ ~~~~~
##############~#######~#~
#...!#~~~.P~P~~~~P..~~~P~
#.∩..')~....~~~~~~...~~~~
#)...'.~~.P.P~~.......~.P
#....#.K@..........†.....
#### ##).................
#....PP............
###................
#####.........P..
###.####..### ### ####


You could see a kobold brigand.

Vanquished Creatures
  2 kobold brigands (Sewer)
  3 adders
  A river rat (D:3)
  5 worms
  2 dart slugs (D:2)
  6 endoplasms
  2 giant cockroaches
  3 goblins
  5 jackals (D:1)
  9 kobolds
  5 ball pythons
  7 bats
  7 frilled lizards
  6 rats
63 creatures vanquished.

Vanquished Creatures (others)
  A plant (Sewer)
1 creature vanquished.

Grand Total: 64 creatures vanquished

Notes
Turn   | Place    | Note
-------+----------+-------------------------------------------
     0 | D:1      | themarg the Draconian Conjurer began the quest for the Orb.
     0 | D:1      | Reached XP level 1. HP: 14/14 MP: 3/3
   199 | D:1      | Reached XP level 2. HP: 20/20 MP: 3/5
   223 | D:1      | Learned a level 2 spell: Searing Ray
   744 | D:1      | You fall into a shaft and drop 1 floor!
  1111 | D:1      | Reached XP level 3. HP: 26/26 MP: 3/6
  2504 | D:3      | Reached XP level 4. HP: 33/33 MP: 3/8
  2584 | D:3      | Found a glowing drain.
  2591 | Sewer    | Entered a sewer
  2685 | Sewer    | Noticed a kobold brigand
  2715 | Sewer    | Killed a kobold brigand
  2716 | Sewer    | Reached skill level 5 in Conjurations
  2716 | Sewer    | Reached XP level 5. HP: 17/38 MP: 0/10
  2932 | Sewer    | Slain by a kobold brigand

Illustrated notes

Levels and vault maps discovered:
D:1:      dpeg_arrival_round_a, layout_basic, serial_park_tiny_pond
D:2:      layout_loops_ring
D:3:      layout_loops_corners, gup_sewer_entry_bubbles, serial_shops,
          nicolae_shop_hallway_stairs, uniq_grinder
Sewer:    kennysheep_pipe_town

Skill      XL: |  1  2  3  4 |
---------------+-------------+-----
Stealth        | 2 3 |  3.0
Spellcasting   | 3 |  3.9
Conjurations   | 5 |  5.5
Dodging        | |  1.7

Action                   |  1- 3 |  4- 6 || total
-------------------------+-------+-------++-------
Melee: Unarmed           |    11 |       ||    11
       Short sword       |     5 |       ||     5
       Tailslap          |     3 |       ||     3
       Spear             |       |    25 ||    25
 Cast: Magic Dart        |    42 |    10 ||    52
       Searing Ray       |    14 |    10 ||    24
  Use: Potion            |       |     1 ||     1
Armor: Skin              |    13 |     6 ||    19
Dodge: Dodged            |    19 |    25 ||    44

Table legend: (Time is in decaauts)
 A = Elapsed time spent in this place.
 B = Non-inter-level travel time spent in this place.
 C = Inter-level travel time spent in this place.
 D = Time resting spent in this place.
 E = Time spent auto-exploring this place.
 F = Levels seen in this place.
 G = Mean time per level.
                   A        B        C        D        E       F      G
               +--------+--------+--------+--------+--------+-----+--------+
         Total |   2965 |   2906 |     59 |    321 |   2132 |   4 |  741.2 |
       Dungeon |   2607 |   2548 |     59 |    198 |   1994 |   3 |  869.0 |
         Sewer |    358 |    358 |      0 |    123 |    138 |   1 |  358.0 |
               +--------+--------+--------+--------+--------+-----+--------+

Top non-repeatable levels by time:
     D:1: 1190 daAuts
     D:2: 1170 daAuts
   Sewer: 358 daAuts
     D:3: 246 daAuts
